 Dungeon Crawl Stone Soup version 0.28-a0-1567-g1695149f81 (webtiles) character file.

Game seed: 10880622975518212984

17 southernslant the Vexing (level 2, 0/14 HPs)
             Began as a Spriggan Arcane Marksman on Jan 20, 2022.
             Slain by a bat (1 damage)
             ... on level 1 of the Dungeon.
             The game lasted 00:01:59 (967 turns).

southernslant the Vexing (Spriggan Arcane Marksman)  Turns: 967, Time: 00:01:59

Health: 0/14       AC:  2    Str:  6    XL:     2   Next: 44%
Magic:  6/6        EV: 17    Int: 14    God:
Gold:   9          SH:  0    Dex: 15    Spells: 4/5 levels left

rFire   . . .      SeeInvis +   g - +0 dagger
rCold   . . .      Faith    .   (no shield)
rNeg    . . .      Spirit   .   d - +0 robe
rPois   .          Reflect  .   (helmet restricted)
rElec   .          Harm     .   (no cloak)
rCorr   .          Rampage  .   (gloves unavailable)
Will    .....                   (boots unavailable)
Stlth   +.........              (no amulet)
HPRegen 0.04/turn               (no ring)
MPRegen 0.10/turn               (no ring)

@: very quick
A: very small, no large weapons, unfitting armour, see invisible, speed 3
a: no special abilities


You were on level 1 of the Dungeon.
You visited 1 branch of the dungeon, and saw 1 of its levels.

You collected 9 gold pieces.

Inventory:

Hand Weapons
 a - a +0 hunting sling
 g - a +0 dagger (weapon)
Missiles
 c - 16 sling bullets
 f - a stone
Armour
 d - a +0 robe (worn)
Potions
 b - a potion of degeneration {unknown}
 e - a potion of haste {unknown}


   Skills:
 * Level 1.2 Fighting
 * Level 0.6 Short Blades
 - Level 2.4 Slings
 * Level 0.6 Armour
 - Level 2.6 Dodging
 * Level 2.0 Spellcasting
 - Level 3.6 Hexes


You had 4 spell levels left.
You knew the following spells:

 Your Spells              Type           Power      Damage    Failure   Level
a - Slow                  Hex            44%        N/A       5%          1

Your spell library contained the following spells:

 Spells                   Type           Power      Damage    Failure   Level
 Inner Flame              Hex/Fire       6%         N/A       34%         3
 Portal Projectile        Hex/Tloc       12%        N/A       34%         3
 Cause Fear               Hex            5%         N/A       47%         4
 Gell's Gravitas          Tloc           1%         N/A       56%         3
 Teleport Other           Tloc           1%         N/A       56%         3
 Dispersal                Tloc           0%         N/A       100%        6


Dungeon Overview and Level Annotations

Branches:
Dungeon (1/15)

Altars:


Innate Abilities, Weirdness & Mutations

You are very small and have problems with some larger weapons.
You are too small for most types of armour.
You have supernaturally acute eyesight. (SInv)
You cover ground extremely quickly. (Speed+++)


Message History

The goblin shouts!
You hit the kobold but do no damage.
The kobold is heavily wounded.
The bat misses you. The kobold misses you.
You hit the kobold but do no damage.
The kobold is heavily wounded.
The bat completely misses you. The kobold barely misses you.
You barely miss the kobold.
The kobold is heavily wounded.
The bat misses you. The bat completely misses you.
The kobold closely misses you. The bat hits you but does no damage.
You closely miss the kobold.
The kobold is heavily wounded.
The bat closely misses you. The kobold hits you with a +0 dagger.
The goblin hits you with a +0 dagger.
You are too injured to fight recklessly!
You are too injured to fight recklessly!
You are too injured to fight recklessly!
You are too injured to fight recklessly!
You hit the kobold but do no damage.
The kobold is heavily wounded.
The bat misses you. The kobold hits you with a +0 dagger.
* * * LOW HITPOINT WARNING * * *
The goblin closely misses you.
You hit the kobold.
You kill the kobold!
The bat misses you. The goblin closely misses you.
You closely miss the bat.
The bat is heavily wounded.
The bat hits you.
* * * LOW HITPOINT WARNING * * *
The goblin misses you.
You miss the goblin. The bat barely misses you. The goblin misses you.
You hit the goblin but do no damage. The bat closely misses you.
The goblin closely misses you.
You completely miss the goblin. The bat misses you. The goblin misses you.
You closely miss the goblin. The bat closely misses you.
The goblin closely misses you.
You barely miss the goblin. The bat hits you.
You die...

##.#...###.##.# ...
.).......#.##.# #.###
####....##.##.# ....#
#.......##.# #.#.#
#...######.###...###
#........†.....# . #
####.#####.....# .# ...
.#####..gb.##.#....
........⌠@.....># ..
.#.#.#(........## .##.#
#.#.........# ..#.# .
#..#.#....# #.#.#.#
#....#....# ## #.#.#.
##.##.#......
.####.#.####.......##....
.................###
..... .####...####..#.###
.....


You could see a goblin and a bat.

Vanquished Creatures
  A dart slug (D:1)
  A hobgoblin (D:1)
  3 jackals (D:1)
  3 ball pythons (D:1)
  A bat (D:1)
  2 frilled lizards (D:1)
  4 kobolds (D:1)
  A rat (D:1)
16 creatures vanquished.

Notes
Turn   | Place    | Note
-------+----------+-------------------------------------------
     0 | D:1      | southernslant the Spriggan Arcane Marksman began the quest
                  | for the Orb.
     0 | D:1      | Reached XP level 1. HP: 9/9 MP: 3/3
   105 | D:1      | Reached skill level 1 in Fighting
   470 | D:1      | Reached XP level 2. HP: 13/14 MP: 3/5
   967 | D:1      | Slain by a bat

Illustrated notes

Levels and vault maps discovered:
D:1:      nagdon_arrival_zigzag_paths, layout_basic,
          ebering_ecumenical_altar_sacrificial, serial_shops,
          nicolae_lakefront_shop, solitary_fountain, minmay_tromino_v7

Skill      XL: |  1  2 |
---------------+-------+-----
Fighting       | 1 |  1.2
Spellcasting   | 2 |  2.0
Short Blades   | |  0.6
Slings         | |  2.4
Armour         | |  0.6
Dodging        | |  2.6
Hexes          | |  3.6

Action                   || total
-------------------------++-------
Melee: Dagger            ||    94
       Punch             ||     2
 Fire: Hunting sling     ||    19
 Cast: Slow              ||     4
Armor: Robe              ||    12
Dodge: Dodged            ||   133

Table legend: (Time is in decaauts)
 A = Elapsed time spent in this place.
 B = Non-inter-level travel time spent in this place.
 C = Inter-level travel time spent in this place.
 D = Time resting spent in this place.
 E = Time spent auto-exploring this place.
 F = Levels seen in this place.
 G = Mean time per level.
                   A        B        C        D        E       F      G
               +--------+--------+--------+--------+--------+-----+--------+
         Total |    890 |    890 |      0 |      0 |    726 |   1 |  890.0 |
       Dungeon |    890 |    890 |      0 |      0 |    726 |   1 |  890.0 |
               +--------+--------+--------+--------+--------+-----+--------+

Top non-repeatable levels by time:
     D:1: 890 daAuts
